 Dungeon Crawl Stone Soup version 0.20.0-8-g6b59dc7 (webtiles) character file.

77 dobroeutro the Cudgeler (level 4, -5/28 HPs)
             Began as a Gargoyle Fighter on June 2, 2017.
             Slain by a gnoll
             ... wielding a +0 halberd
              (8 damage)
             ... on level 3 of the Dungeon.
             The game lasted 00:02:14 (1747 turns).

dobroeutro the Cudgeler (Gargoyle Fighter)          Turns: 1747, Time: 00:02:15

Health: -5/28      AC: 10    Str: 19    XL:     4   Next: 34%
Magic:  4/4        EV:  7    Int:  9    God:
Gold:   101        SH:  9    Dex: 10    Spells: 3/3 levels left

rFire    . . .     SeeInvis .   q - +3 flail
rCold    . . .     Gourm    .   c - +0 shield
rNeg     + . .     Faith    .   b - +0 scale mail
rPois    ∞         Spirit   .   (no helmet)
rElec    +         Reflect  .   (no cloak)
rCorr    .         Harm     .   (no gloves)
MR       .....                  (no boots)
Stlth    ..........             (no amulet)
Regen    0.1/turn               (no ring)
MPRegen  0.1/turn               (no ring)

@: no status effects
A: negative energy resistance 1, electricity resistance, unbreathing,
petrification resistance, rot immunity, AC +3
a: no special abilities


You were on level 3 of the Dungeon.
You were not hungry.

You visited 1 branch of the dungeon, and saw 3 of its levels.

You collected 101 gold pieces.

Inventory:

Hand Weapons
 a - a +0 flail
 q - a +3 flail (weapon)
Armour
 b - a +0 scale mail (worn)
 c - a +0 shield (worn)
Jewellery
 k - an uncursed ring of see invisible {unknown}
Scrolls
 e - a scroll of noise {unknown}
 g - 4 scrolls of remove curse {unknown}
 h - 3 scrolls of amnesia {unknown}
 m - a scroll of identify {unknown}
 n - a scroll of magic mapping {unknown}
 p - a scroll of enchant armour {unknown}
Potions
 d - a potion of might
 i - 3 potions of lignification {unknown}
 j - a potion of curing {unknown}
 l - 2 potions of agility {unknown}
 o - a potion of invisibility {unknown}
Comestibles
 f - 2 bread rations
 r - 3 chunks of flesh


   Skills:
 - Level 3.4 Fighting
 + Level 4.1 Maces & Flails
 - Level 3.3 Armour
 - Level 3.5 Shields


You had 3 spell levels left.
You didn't know any spells.

Dungeon Overview and Level Annotations

Branches:
Dungeon (3/15)

Altars:
Dithmenos
Trog
The Shining One


Innate Abilities, Weirdness & Mutations

You are resistant to torment.
Your stone body is resilient. (AC +3)
You are immune to poison.
You resist negative energy. (rN+)
You are resistant to electric shocks. (rElec)
You can survive without breathing.
You are immune to petrification.
You are immune to rotting.


Message History

The gnoll is heavily wounded.
The gnoll hits you with a halberd. You block the gnoll's attack.
You closely miss the gnoll.
The gnoll is heavily wounded.
The gnoll barely misses you. The gnoll hits you with a flail.
You hit the gnoll but do no damage.
The gnoll is heavily wounded.
You block the gnoll's attack. The gnoll hits you but does no damage.
You hit the gnoll.
The gnoll is heavily wounded.
The gnoll hits you with a halberd. You block the gnoll's attack.
You are too injured to fight recklessly!
You are too injured to fight recklessly!
You closely miss the gnoll.
The gnoll is heavily wounded.
The gnoll hits you with a halberd!
* * * LOW HITPOINT WARNING * * *
The gnoll hits you but does no damage.
The gnoll hits you from afar with a halberd!
You die...

.>....####...............#
...#.###...............<.#
#...(..#.#.####.............#
#..#.......#...................
...#..#..................##....
.............#............ #>.
#.........##.....g......#.# .
#.#.[....####....<......#.#
..#.............@.g...#.#.#
.##.....######....#####
........# #........ .###..#.#
#......... . #.#..# ......####
#...## .####### #..## ## #..#
#..#


You could see 2 gnolls.

Vanquished Creatures
  A gnoll (D:2)
  An adder (D:2)
  A worm (D:2)
  4 dart slugs (D:1)
  A ball python (D:2)
  2 giant cockroaches (D:1)
  6 goblins (D:2)
  8 hobgoblins
  2 jackals (D:2)
  4 bats
  3 frilled lizards
  8 kobolds
  4 rats
45 creatures vanquished.

Notes
Turn   | Place    | Note
-------+----------+-------------------------------------------
     0 | D:1      | dobroeutro the Gargoyle Fighter began the quest for the Orb.
     0 | D:1      | Reached XP level 1. HP: 14/14 MP: 1/1
   137 | D:1      | Reached XP level 2. HP: 18/19 MP: 2/2
   247 | D:1      | Reached XP level 3. HP: 19/23 MP: 3/3
   353 | D:1      | Reached skill level 3 in Maces & Flails
   747 | D:2      | Found a bloodstained altar of Trog.
   789 | D:2      | Found a glowing golden altar of the Shining One.
  1062 | D:2      | Reached XP level 4. HP: 25/28 MP: 4/4
  1304 | D:2      | Found a shadowy altar of Dithmenos.
  1619 | D:2      | Reached skill level 4 in Maces & Flails
  1747 | D:3      | Slain by a gnoll

Skill      XL: |  1  2  3  4 |
---------------+-------------+-----
Maces & Flails | 3 4 |  4.1
Fighting       | |  3.4
Armour         | |  3.3
Shields        | |  3.5

Action                   |  1- 3 |  4- 6 || total
-------------------------+-------+-------++-------
Melee: Flail             |   118 |    42 ||   160
  Eat: Chunk             |     1 |     2 ||     3
Armor: Scale mail        |    51 |    20 ||    71
Dodge: Dodged            |    20 |    10 ||    30
Block: Shield            |    57 |    26 ||    83
